 Dungeon Crawl Stone Soup version 0.26.1-2-gb8aa6d0cf2 (webtiles) character file.

Game seed: 16437852627046315556

38373 dickylongcocking the Cardsharp (level 13, -2/105 HPs)
             Began as a Demonspawn Gladiator on Feb 14, 2021.
             Was a High Priest of Nemelex Xobeh.
             Slain by a death yak (14 damage)
             ... on level 6 of the Lair of Beasts.
             The game lasted 00:22:40 (23274 turns).

dickylongcocking the Cardsharp (DsGl)              Turns: 23274, Time: 00:22:41

Health: -2/105     AC: 11    Str: 18    XL:     13   Next: 63%
Magic:  0/31       EV: 10    Int:  9    God:    Nemelex Xobeh [*****.]
Gold:   1104       SH: 12    Dex: 20    Spells: 11/12 levels left

rFire    + + .     SeeInvis .   U - +3 war axe (vorpal)
rCold    + . .     Faith    .   M - +0 kite shield
rNeg     . . .     Spirit   +   Q - +1 scale mail of a bazaar {*Corrode rF++ rC+ MP+9} (curse)
rPois    +         Reflect  .   (helmet unavailable)
rElec    .         Harm     .   w - scarf {+Inv}
rCorr    +         Rampage  .   O - +0 pair of gloves
Will     .....                  (no boots)
Stlth    +.........             t - amulet of guardian spirit
HPRegen  0.27/turn              C - ring "Daxzoet" {rPois rCorr Dex+3}
MPRegen  0.22/turn              T - ring of stealth

@: lethally poisoned (-2 -> -3)
A: horns 3, demonic guardian 1, spiny 3
a: Renounce Religion, Evoke Invisibility, Draw Escape, Draw Destruction, Draw
Summoning, Triple Draw, Deal Four, Stack Five


You were on level 6 of the Lair of Beasts.
You worshipped Nemelex Xobeh.
Nemelex Xobeh was extremely pleased with you.
You visited 3 branches of the dungeon, and saw 18 of its levels.

You collected 1104 gold pieces.

Inventory:

Hand Weapons
 a - a +0 war axe
 l - a +0 vorpal war axe
 s - the +6 mace "Mifueh" {pain, rF+ rN+}
   (You found it on level 5 of the Dungeon)

   In the hands of one skilled in necromantic magic, it inflicts extra damage on
   living creatures.
   It protects you from fire.
   It protects you from negative energy.
 U - a +3 vorpal war axe (weapon)
Missiles
 d - 4 throwing nets (quivered)
Armour
 c - a +0 helmet
 w - a scarf of invisibility (worn)
 x - a +0 tower shield
 M - a +0 kite shield (worn)
 O - a +0 pair of gloves (worn)
 Q - the cursed +1 scale mail of a bazaar (worn) {*Corrode rF++ rC+ MP+9}
   (You found it on level 10 of the Dungeon)

   It greatly protects you from fire.
   It protects you from cold.
   It affects your magic capacity (+9).
   It may corrode you when you take damage.
   It has a curse placed upon it.
Jewellery
 j - a +6 ring of intelligence
 k - a +6 ring of dexterity {unknown}
 p - a cursed ring of attention {unknown}
 t - an amulet of guardian spirit (around neck)
 z - a +4 ring of evasion {unknown}
 B - an uncursed ring of protection from cold
 C - the ring "Daxzoet" (left hand) {rPois rCorr Dex+3}
   (You acquired it on level 10 of the Dungeon)

   [ring of resist corrosion]

   It affects your dexterity (+3).
   It protects you from poison.
   It provides partial protection from all sources of acid and corrosion.
 E - an uncursed ring of ice
 I - an uncursed ring of flight
 K - an uncursed ring of fire
 T - a ring of stealth (right hand)
 Y - an uncursed ring of ice
 Z - the ring "Osifav" {rElec rF- rCorr Str+2}
   (You found it on level 2 of the Lair of Beasts)

   [ring of resist corrosion]

   It affects your strength (+2).
   It makes you vulnerable to fire.
   It insulates you from electricity.
   It provides partial protection from all sources of acid and corrosion.
Wands
 m - a wand of polymorph (7)
 y - a wand of flame (17)
 H - a wand of paralysis (10)
 S - a wand of acid (16)
 V - a wand of disintegration (14)
 W - a wand of digging (4)
Scrolls
 b - a scroll of vulnerability {unknown}
 g - 8 scrolls of teleportation {unknown}
 h - 12 scrolls of remove curse
 n - 3 scrolls of fear
 o - a scroll of immolation
 q - 2 scrolls of fog {unknown}
 u - 4 scrolls of enchant armour
 A - a scroll of enchant weapon {unknown}
 P - 2 scrolls of torment
 X - 2 scrolls of noise {unknown}
Potions
 f - 4 potions of brilliance
 i - 2 potions of haste
 r - a potion of flight
 v - a potion of ambrosia {unknown}
 D - 2 potions of heal wounds {unknown}
 F - a potion of berserk rage
 G - 2 potions of curing {unknown}
 L - 3 potions of might
 N - 2 potions of resistance {unknown}
 R - a potion of cancellation {unknown}
Miscellaneous
 J - a phantom mirror


   Skills:
 - Level 10.8 Fighting
 * Level 10.5 Axes
 - Level 1.7 Throwing
 * Level 10.1 Armour
 - Level 2.6 Dodging
 * Level 9.2 Shields
 + Level 2.0 Translocations
 * Level 13.2 Invocations
 * Level 1.5 Evocations


You had 11 spell levels left.
You knew the following spells:

 Your Spells              Type           Power        Failure   Level
a - Apportation           Tloc           6%           67%         1

Your spell library contained the following spells:

 Spells                   Type           Power        Failure   Level
 Animate Skeleton         Necr           0%           91%         1
 Corona                   Hex            0%           91%         1
 Foxfire                  Conj/Fire      0%           91%         1
 Summon Small Mammal      Summ           0%           91%         1
 Ensorcelled Hibernation  Hex/Ice        0%           97%         2
 Confusing Touch          Hex            0%           100%        3
 Conjure Flame            Conj/Fire      0%           100%        3
 Dazzling Flash           Conj/Hex       0%           100%        3
 Inner Flame              Hex/Fire       0%           100%        3
 Tukima's Dance           Hex            0%           100%        3
 Sticky Flame             Conj/Fire      0%           100%        4
 Fireball                 Conj/Fire      0%           100%        5


Dungeon Overview and Level Annotations

Branches:
Dungeon (11/15)            Temple (1/1) D:4            Lair (6/6) D:8
 Shoals (0/4) Lair:2        Snake (0/4) Lair:3        Slime (0/5) Lair:5
    Orc: D:9-12

Altars:
Ashenzari
Cheibriados
Dithmenos
Elyvilon
Fedhas
Gozag
Hepliaklqana
Kikubaaqudgha
Makhleb
Nemelex Xobeh
Okawaru
Qazlal
Ru
Sif Muna
Trog
Uskayaw
Vehumet
Wu Jian
Xom
Yredelemnul
Zin
The Shining One
Jiyva

Annotations:
D:6 1 runed translucent door


Innate Abilities, Weirdness & Mutations

You have a pair of large horns on your head.
A weak demonic guardian rushes to your aid.
You are completely covered in sharp spines.


Message History

Unknown command.
Unknown command.
Okay, then.
Okay, then.
Okay, then.
Okay, then.
Okay, then.
Unknown command.
Okay, then.
You draw... (choose one card, ? for their descriptions) a - Exile b - Exile c - Velocity You have drawn Exile.
The wolf is devoured by a tear in reality.
The blink frog hits something!
You block the sun demon's attack.
The death yak gores you but does no damage.
The death yak gores you!!
You die...
Your body disappears without a glow.

.#.# .... #...##..P
......... ........##
........F###
......FR...#
#.F3##.# #.Y@##
#.##Y### .#.
##.YY#.# #...
#.Y.Y§# .....
##Y...# ......
#.h..## #....# ###
##hS##
##...Y.##.#####..S#
......#.#..S#.....##


You could see 4 death yaks, a sun demon (summoned) and 2 blink frogs.

Vanquished Creatures
  2 hydras (Lair:4)
  A boulder beetle (Lair:4)
  3 death yaks (Lair:6)
  A death drake (Lair:3)
  The ghost of Hehehe the Cleaver, a novice DDFi (D:6)
  8 elephants
  3 torpor snails (Lair:2)
  A water nymph (Lair:3)
  An eye of devastation (Lair:3)
  5 black mambas
  A gargoyle (D:10)
  2 rime drakes (Lair:4)
  12 cane toads
  7 komodo dragons
  A troll (D:9)
  3 hornets
  A polar bear (Lair:4)
  3 dream sheep (Lair:6)
  9 blink frogs
  9 wyverns
  26 yaks
  A fire bat (Lair:3)
  2 steam dragons (Lair:3)
  Menkaure (D:5)
  A swamp worm (Lair:3)
  5 basilisks
  A naga (Lair:3)
  A soldier ant (Lair:3)
  12 water moccasins
  A swamp drake (D:8)
  2 orc warriors
  A black bear (Lair:2)
  A sky beast (D:6)
  An eye of draining (D:10)
  2 ice beasts
  6 necrophages
  A phantom (D:5)
  6 wolves
  8 centaurs
  7 ogres
  12 bullfrogs
  A gnoll sergeant (D:5)
  3 scorpions
  A water moccasin skeleton (D:4)
  10 wights
  A howler monkey (Lair:3)
  2 jellies
  A quasit (D:5)
  Crazy Yiuf (D:5)
  A bullfrog zombie (D:5)
  A bullfrog skeleton (D:10)
  3 orc priests
  3 hounds
  11 orc wizards
  4 iguanas
  4 worker ants
  A hound skeleton (D:8)
  A worker ant zombie (D:9)
  19 adders
  5 gnolls
  A shadow imp (D:10)
  3 white imps
  2 ufetubi
  An ooze (D:5)
  An adder skeleton (D:4)
  4 worms
  6 dart slugs
  4 leopard geckos
  31 orcs
  11 bats
  A giant cockroach (D:4)
  12 goblins
  8 hobgoblins
  7 jackals
  10 kobolds
  5 quokkas
  5 ball pythons
  6 frilled lizards
  A jackal skeleton (D:4)
  A quokka skeleton (D:6)
  15 rats
380 creatures vanquished.

Vanquished Creatures (collateral kills)
  A hydra (Lair:6)
  4 death yaks (Lair:6)
  A deep elf mage (D:10)
  2 black mambas
  4 elephants (Lair:2)
  2 komodo dragons (Lair:6)
  A hornet (Lair:2)
  2 blink frogs (Lair:2)
  A dream sheep (Lair:6)
  7 yaks
  A basilisk (D:8)
  3 water moccasins (Lair:6)
  A centaur (D:6)
  2 wolves (Lair:6)
  2 bullfrogs
  An orc wizard (D:7)
  A worm (D:6)
  A dart slug (D:5)
  An orc (D:7)
  A giant cockroach (D:6)
39 creatures vanquished.

Vanquished Creatures (others)
  49 fungi
  91 plants
140 creatures vanquished.

Grand Total: 559 creatures vanquished

Notes
Turn   | Place    | Note
-------+----------+-------------------------------------------
     0 | D:1      | dickylongcocking the Demonspawn Gladiator began the quest
                  | for the Orb.
     0 | D:1      | Reached XP level 1. HP: 16/16 MP: 1/1
   246 | D:1      | Gained mutation: You are partially covered in sharp spines.
                  | [demonic ancestry]
   246 | D:1      | Reached XP level 2. HP: 15/23 MP: 2/2
   599 | D:1      | Reached skill level 1 in Armour
   695 | D:1      | Gained mutation: You have a pair of small horns on your
                  | head. [demonic ancestry]
   695 | D:1      | Reached XP level 3. HP: 24/28 MP: 3/3
  1630 | D:2      | Gained mutation: You have a pair of horns on your head.
                  | [demonic ancestry]
  1630 | D:2      | Reached XP level 4. HP: 34/34 MP: 4/4
  1878 | D:2      | You fall into a shaft and drop 2 floors!
  1979 | D:4      | Reached skill level 1 in Shields
  2081 | D:4      | Found a staircase to the Ecumenical Temple.
  2124 | D:4      | Noticed an ogre
  2140 | Temple   | Entered the Ecumenical Temple
  2559 | Temple   | Became a worshipper of Nemelex Xobeh the Trickster
  2670 | D:4      | Killed an ogre
  2671 | D:4      | Reached XP level 5. HP: 26/41 MP: 5/5
  2909 | D:4      | Gained mutation: You are mostly covered in sharp spines.
                  | [demonic ancestry]
  2909 | D:4      | Reached XP level 6. HP: 42/48 MP: 6/6
  3280 | D:3      | Found a sacrificial altar of Ru.
  3280 | D:3      | Found a hide-covered altar of Uskayaw.
  3926 | D:3      | Found a basalt altar of Yredelemnul.
  3938 | D:3      | Reached * piety under Nemelex Xobeh
  3938 | D:3      | Received a gift from Nemelex Xobeh
  4305 | D:3      | Reached XP level 7. HP: 51/54 MP: 7/7
  5109 | D:2      | Reached skill level 1 in Invocations
  5594 | D:5      | Entered Level 5 of the Dungeon
  5612 | D:5      | Reached skill level 2 in Invocations
  6036 | D:5      | Reached ** piety under Nemelex Xobeh
  6308 | D:5      | Reached skill level 3 in Invocations
  6308 | D:5      | Gained mutation: A weak demonic guardian rushes to your
                  | aid. [demonic ancestry]
  6308 | D:5      | Reached XP level 8. HP: 61/61 MP: 10/10
  6340 | D:5      | Reached skill level 5 in Fighting
  6340 | D:5      | Reached skill level 5 in Axes
  6416 | D:5      | Identified the cursed +0 leather armour of Parlour Games
                  | {rC+++ Stlth+} (You found it on level 5 of the Dungeon)
  6534 | D:5      | Noticed Duvessa
  6534 | D:5      | Noticed Dowan
  6540 | D:5      | Noticed Dowan
  6540 | D:5      | Dowan changed into Dowan the ball python
  6540 | D:5      | Noticed Duvessa
  6540 | D:5      | Duvessa changed into Duvessa the ooze
  6541 | D:5      | Killed Dowan the ball python
  6542 | D:5      | Killed Duvessa the ooze
  6806 | D:5      | Noticed Menkaure
  6812 | D:5      | Killed Menkaure
  6817 | D:5      | Found a snail-covered altar of Cheibriados.
  7160 | D:5      | Learned a level 1 spell: Apportation
  7198 | D:5      | HP: 2/62 [centaur/arrow (7)]
  7208 | D:5      | Reached skill level 4 in Invocations
  7535 | D:5      | Found a runed translucent door.
  7536 | D:5      | Noticed Crazy Yiuf
  7540 | D:5      | Paralysed by Crazy Yiuf for 5 turns
  7545 | D:5      | Killed Crazy Yiuf
  7551 | D:5      | Got a scorched mace
  7551 | D:5      | Identified the +6 mace "Mifueh" {pain, rF+ rN+} (You found
                  | it on level 5 of the Dungeon)
  8195 | D:6      | Found a runed translucent door.
  8196 | D:6      | Noticed Hehehe's ghost (novice DDFi)
  8289 | D:6      | Found a runed translucent door.
  8292 | D:6      | Reached skill level 5 in Invocations
  8690 | D:6      | Killed Hehehe's ghost
  8691 | D:6      | Reached skill level 5 in Armour
  8691 | D:6      | Gained mutation: You are completely covered in sharp
                  | spines. [demonic ancestry]
  8691 | D:6      | Reached XP level 9. HP: 22/70 MP: 3/13
  9000 | D:7      | Reached skill level 6 in Invocations
  9375 | D:7      | Received a gift from Nemelex Xobeh
 10016 | D:7      | Reached *** piety under Nemelex Xobeh
 10508 | D:8      | Reached skill level 7 in Invocations
 11081 | D:8      | Received a gift from Nemelex Xobeh
 11453 | D:8      | Noticed a komodo dragon
 11454 | D:8      | Reached XP level 10. HP: 72/79 MP: 15/15
 11635 | D:8      | Found a staircase to the Lair.
 11928 | D:9      | Reached skill level 8 in Invocations
 12104 | D:9      | Reached skill level 5 in Shields
 12222 | D:9      | Received a gift from Nemelex Xobeh
 12808 | D:9      | Reached **** piety under Nemelex Xobeh
 13134 | D:10     | Entered Level 10 of the Dungeon
 13155 | D:10     | Identified a scroll of acquirement
 13161 | D:10     | Acquired the ring "Daxzoet" {rPois rCorr Dex+3}
 13565 | D:10     | Got a bronze scale mail
 13575 | D:10     | Identified the cursed +1 scale mail of a bazaar {*Corrode
                  | rF++ rC+ MP+9} (You found it on level 10 of the Dungeon)
 13663 | D:10     | Received a gift from Nemelex Xobeh
 13873 | D:10     | Noticed a gargoyle
 13883 | D:10     | Killed a gargoyle
 13884 | D:10     | Reached skill level 9 in Invocations
 14260 | D:10     | Noticed a deep elf mage
 14272 | D:10     | Killed a deep elf mage
 14594 | D:11     | Received a gift from Nemelex Xobeh
 14686 | Lair:1   | Entered Level 1 of the Lair of Beasts
 14908 | Lair:1   | Noticed a cane toad
 14916 | Lair:1   | Killed a cane toad
 14917 | Lair:1   | Gained mutation: You have a pair of large horns on your
                  | head. [demonic ancestry]
 14917 | Lair:1   | Reached XP level 11. HP: 45/87 MP: 12/17
 15404 | Lair:1   | Reached ***** piety under Nemelex Xobeh
 15444 | Lair:1   | Received a gift from Nemelex Xobeh
 15892 | Lair:2   | Received a gift from Nemelex Xobeh
 15973 | Lair:2   | Reached skill level 10 in Invocations
 16796 | Lair:2   | Reached XP level 12. HP: 48/96 MP: 17/20
 17054 | Lair:2   | Found a staircase to the Shoals.
 17066 | Lair:2   | Got a steaming tin ring
 17095 | Lair:2   | Identified the ring "Osifav" {rElec rF- rCorr Str+2} (You
                  | found it on level 2 of the Lair of Beasts)
 17120 | Lair:2   | Received a gift from Nemelex Xobeh
 17347 | Lair:2   | Found a snail-covered altar of Cheibriados.
 17474 | Lair:3   | Reached skill level 11 in Invocations
 18000 | Lair:3   | Received a gift from Nemelex Xobeh
 18167 | Lair:3   | Found a staircase to the Snake Pit.
 18257 | Lair:3   | Received a gift from Nemelex Xobeh
 18597 | Lair:4   | Noticed a four-headed hydra
 18609 | Lair:4   | Reached skill level 10 in Fighting
 18609 | Lair:4   | Killed a four-headed hydra
 19537 | Lair:4   | Noticed a six-headed hydra
 19555 | Lair:4   | Killed a six-headed hydra
 19690 | Lair:4   | Noticed a boulder beetle
 19721 | Lair:4   | Killed a boulder beetle
 19722 | Lair:4   | Reached skill level 12 in Invocations
 20164 | Lair:4   | Received a gift from Nemelex Xobeh
 20551 | Lair:5   | Received a gift from Nemelex Xobeh
 20821 | Lair:5   | Found a viscous altar of Jiyva.
 20822 | Lair:5   | Found a staircase to the Slime Pits.
 21178 | Lair:5   | Reached XP level 13. HP: 83/104 MP: 22/22
 21181 | Lair:5   | Reached skill level 10 in Axes
 21554 | Lair:6   | Entered Level 6 of the Lair of Beasts
 21554 | Lair:6   | Received a gift from Nemelex Xobeh
 21569 | Lair:5   | HP: 5/104 [poisoned by a cane toad]
 21575 | Lair:4   | HP: 3/104 [poisoned by a cane toad]
 21581 | Lair:4   | HP: 2/104 [poisoned by a cane toad]
 21589 | Lair:4   | HP: 2/104 [poisoned by a cane toad]
 21597 | Lair:4   | HP: 2/104 [poisoned by a cane toad]
 22436 | Lair:6   | Reached skill level 1 in Translocations
 22451 | Lair:6   | Reached skill level 10 in Armour
 22508 | Lair:5   | Reached skill level 13 in Invocations
 22838 | Lair:6   | Paralysed by a hornet for 2 turns
 23196 | Lair:6   | Reached skill level 1 in Evocations
 23274 | Lair:6   | Slain by a death yak

Illustrated notes

Levels and vault maps discovered:
D:1:      denvon_arrival_planthouse, layout_loops_ring
D:2:      minmay_angry_zag, layout_basic, grunt_ministairs_12
D:3:      layout_basic, lemuel_round_altar, grunt_temple_overflow_open,
          serial_curves, eino_curves_02, eino_curves_04, eino_curves_04
D:4:      layout_layer_cave, minmay_temple_entry_mini_moons,
          corexii_checkpoint_a, minmay_misc_feat_tiny, st_stairs_2,
          minmay_crystal_water, kennysheep_generic_room_6
D:5:      minmay_bubble_buster, layout_layer_cave, kennysheep_slug_shrine,
          minmay_small_thing, uniq_menkaure, uniq_crazy_yiuf_cottage,
          uniq_duvessa
D:6:      layout_gridville, ebering_ghost_sewer_f, serial_glass,
          glass_columns_a, glass_columns_a, item_on_display_a, feat_on_display,
          minmay_strange_pillars, due_unseen_surprise, nicolae_sextant
D:7:      layout_loops_ring
D:8:      layout_basic, erik_lair_dragon
D:9:      layout_long_grid
D:10:     layout_gridville
D:11:     evilmike_library_of_no_secrets, layout_long_grid,
          gammafunk_ghost_grave, jmf_multi_god_temple
Temple:   dpeg_five_rooms_temple
Lair:1:   layout_concentric_octagons
Lair:2:   layout_chaotic_city, shoals_dummy_entry, kennysheep_snail_temple,
          grunt_megastairs_1
Lair:3:   layout_loops_ring, guppyfry_snake_entry_garden, roderic_carrion_pond
Lair:4:   layout_cave_shapes
Lair:5:   layout_cave_pods, slime_altar_1, minivault_25, wad_woods_road_05
Lair:6:   hangedman_lair_tendril_chambers, layout_regular_city, wormcave

Skill      XL: |  1  2  3  4  5  6  7  8  9 10 11 12 13 |
---------------+----------------------------------------+-----
Axes           | 3 4 6 7 9 10 | 10.5
Armour         | 1 2 3 5 6 7 8 9 10 | 10.1
Fighting       | 3 4 6 7 8 9 10 | 10.8
Shields        | 1 2 3 4 5 7 8 9 |  9.2
Invocations    | 3 5 7 9 10 12 13 | 13.2
Translocations | 2 |  2.0
Evocations     | 1 |  1.5
Throwing       | |  1.7
Dodging        | |  2.6

Action                   |  1- 3 |  4- 6 |  7- 9 | 10-12 | 13-15 || total
-------------------------+-------+-------+-------+-------+-------++-------
Melee: War axe           |    72 |   103 |   201 |   338 |    96 ||   810
       Headbutt          |     5 |    17 |    52 |   112 |    17 ||   203
       Mace              |       |       |    17 |    45 |       ||    62
Invok: Draw Destruction  |       |       |     4 |    14 |     8 ||    26
       Draw Escape       |       |       |     1 |     3 |       ||     4
       Draw Summoning    |       |       |     1 |     1 |     8 ||    10
       Draw Stack        |       |       |       |     5 |     5 ||    10
       Stack Five        |       |       |       |     2 |       ||     2
       Triple Draw       |       |       |       |     1 |     1 ||     2
Evoke: Wand              |       |       |       |     6 |     1 ||     7
  Use: Scroll            |       |     5 |     1 |    11 |     2 ||    19
       Potion            |       |       |     5 |     1 |     1 ||     7
 Stab: Sleeping          |     1 |       |       |       |       ||     1
       Invisible         |       |       |     1 |       |       ||     1
       Distracted        |       |       |       |     6 |     4 ||    10
       Paralysed         |       |       |       |     5 |       ||     5
       Petrifying        |       |       |       |       |     1 ||     1
       Petrified         |       |       |       |       |     1 ||     1
Armor: Leather armour    |     7 |       |       |       |       ||     7
       Ring mail         |     9 |    20 |     7 |       |       ||    36
       Scale mail        |       |       |    46 |   121 |    45 ||   212
       Skin              |       |       |    16 |       |       ||    16
Dodge: Dodged            |    40 |    58 |   104 |   164 |    58 ||   424
Block: Buckler           |     2 |    28 |    57 |       |       ||    87
       Kite shield       |       |       |     7 |   266 |    77 ||   350
